 Dungeon Crawl Stone Soup version 0.21.1-1-g345015f (webtiles) character file.

29605 Fang the Cleaver (level 13, -6/84 HPs)
             Began as a Gargoyle Berserker on June 1, 2018.
             Was a High Priest of Trog.
             Mangled by a 15-headed hydra (8 damage)
             ... on level 5 of the Lair of Beasts.
             The game lasted 00:32:08 (15462 turns).

Fang the Cleaver (Gargoyle Berserker)              Turns: 15462, Time: 00:32:09

Health: -6/84      AC: 25    Str: 26    XL:     13   Next: 46%
Magic:  0/13       EV: 16    Int:  8    God:    Trog [*****.]
Gold:   840        SH:  0    Dex:  9    Spells: 12/12 levels left

rFire    + . .     SeeInvis .   F - +1 demon blade "Vaetihaqu" {venom, +Blink} (curse)
rCold    . . .     Gourm    .   (no shield)
rNeg     + . .     Faith    .   m - +5 ring mail {rF+}
rPois    ∞         Spirit   +   (no helmet)
rElec    +         Reflect  .   (no cloak)
rCorr    .         Harm     .   (no gloves)
MR       .....     Clarity  +   t - +2 pair of boots
Stlth    ++........             u - amulet of guardian spirit
HPRegen  0.24/turn              p - ring of flight
MPRegen  0.13/turn              x - +2 ring of evasion

@: berserk cooldown, slowed, very slow
A: blurry vision 1, clarity, negative energy resistance 1, electricity
resistance, unbreathing, petrification resistance, rot immunity, AC +9
a: Berserk, Trog's Hand, Brothers in Arms, Burn Spellbooks, Renounce Religion,
Evoke Blink, Evoke Flight


You were on level 5 of the Lair of Beasts.
You worshipped Trog.
Trog was extremely pleased with you.
You were very hungry.

You visited 2 branches of the dungeon, and saw 14 of its levels.
You also visited: Labyrinth.

You collected 840 gold pieces.

Inventory:

Hand Weapons
 a - a +3 battleaxe of electrocution
 A - the +7 battleaxe "Dowed" {flame, rPois Int+4}
   (Trog gifted it to you on level 1 of the Lair of Beasts)

   It has been specially enchanted to burn those struck by it, causing extra
   injury to most foes and up to half again as much damage against particularly
   susceptible opponents.
   Big, fiery blades are also staple armaments of hydra-hunters.
   It affects your intelligence (+4).
   It protects you from poison.
 F - the cursed +1 demon blade "Vaetihaqu" (weapon) {venom, +Blink}
   (You took it off a minotaur in a labyrinth)

   It poisons the flesh of those it strikes.
   It lets you blink.
   It has a curse placed upon it.
Armour
 l - the +0 leather armour of Sunlight {-Cast rC+ rN+ Dex+4}
   (You found it on level 7 of the Dungeon)

   It affects your dexterity (+4).
   It protects you from cold.
   It protects you from negative energy.
   It prevents spellcasting.
 m - a +5 ring mail of fire resistance (worn)
 t - a +2 pair of boots (worn)
 J - a +2 leather armour of cold resistance
Jewellery
 o - an uncursed ring of resist corrosion {unknown}
 p - a ring of flight (left hand)
 s - an uncursed ring of positive energy
 u - an amulet of guardian spirit (around neck)
 x - a +2 ring of evasion (right hand)
 H - an uncursed ring of ice {unknown}
Wands
 g - a wand of disintegration (10)
 k - a wand of iceblast (10)
 r - a wand of polymorph (17)
 w - a wand of random effects (31)
 D - a wand of flame (80)
 I - a wand of digging (11)
Scrolls
 b - a scroll of enchant weapon
 d - a scroll of identify
 j - 6 scrolls of teleportation
Potions
 e - 8 potions of curing
 f - a potion of resistance
 h - 2 potions of agility
 i - 2 potions of brilliance
 n - 3 potions of heal wounds
 q - a potion of lignification
 z - a potion of flight
 B - a potion of ambrosia
 C - 2 potions of haste
Books
 G - a book of Changes

   Spells                             Type                      Level
   a - Beastly Appendage              Transmutation                1
   b - Sticks to Snakes               Transmutation                2
   c - Spider Form                    Transmutation/Poison         3
   d - Ice Form                       Ice/Transmutation            4
   e - Blade Hands                    Transmutation                5
   Trog disapproves of the use of such an item.
Miscellaneous
 v - a sack of spiders
 y - a phial of floods
Comestibles
 c - 34 rations


   Skills:
 + Level 11.3 Fighting
 + Level 1.0 Long Blades
 + Level 14.6 Axes
 + Level 8.9 Armour
 + Level 6.9 Dodging
 + Level 5.1 Stealth


You had 12 spell levels left.
You didn't know any spells.

Dungeon Overview and Level Annotations

Branches:
Dungeon (9/15)             Temple (0/1) D:7            Lair (5/6) D:8
  Swamp (0/4) Lair:3       Spider (0/4) Lair:3
  Slime: Lair:5-6       Orc: D:9-12

Altars:
Dithmenos
Fedhas
Gozag
Hepliaklqana
Nemelex Xobeh
Okawaru
Ru
Sif Muna
Uskayaw
Vehumet
The Shining One

Shops:
D:5 *([}   D:6 ![[   D:8 :


Innate Abilities, Weirdness & Mutations

You are resistant to torment.
Your stone body is resilient. (AC +9)
You are immune to poison.
You resist negative energy. (rN+)
You are resistant to electric shocks. (rElec)
You can survive without breathing.
You are immune to petrification.
You are immune to rotting.
Scrolls take you a little longer to read.
You possess an exceptional clarity of mind.


Message History

Okay, then.
Really read with blurry vision while enemies are nearby?
The 15-headed hydra completely misses you.
The 15-headed hydra bites you!
* * * LOW HITPOINT WARNING * * *
The 15-headed hydra misses you. The 15-headed hydra bites you.
* * * LOW HITPOINT WARNING * * *
The 15-headed hydra bites you but does no damage.
The 15-headed hydra closely misses you. x2
The 15-headed hydra barely misses you. The 15-headed hydra bites you.
* * * LOW HITPOINT WARNING * * *
The 15-headed hydra bites you.
* * * LOW HITPOINT WARNING * * *
The 15-headed hydra bites you but does no damage.
The 15-headed hydra barely misses you. x2
The 15-headed hydra bites you but does no damage. x2
You begin reading the scroll.
You continue reading the scroll.
The 15-headed hydra bites you but does no damage.
The 15-headed hydra bites you!
You die...

........###..........#
.......## #.....#P...#
.......# ##.....##...##
..P....###............#
..##....##P...........#
...#...#####.....#...#
...#...## #..........#
........#
##....#....##.#..
.......##
#.....@D.........
.###.#P#
#...P.P....##.### ##
##### ##.#.P#..###
#########


You could see a 15-headed hydra.

Vanquished Creatures
  A minotaur (Lab)
  4 hydras
  A two-headed ogre (D:8)
  3 elephants (Lair:4)
  4 black mambas
  6 spiny frogs
  3 komodo dragons
  6 jumping spiders (Lair:3)
  A queen bee (Lair:2)
  A tyrant leech (Lair:3)
  A hornet (Lair:3)
  Grinder (D:3)
  6 hippogriffs
  6 blink frogs
  A redback (Lair:3)
  2 spriggans
  26 yaks
  2 basilisks
  2 wyverns
  Menkaure (D:9)
  A swamp worm (Lair:3)
  21 porcupines
  4 water moccasins
  2 sky beasts
  2 ice beasts
  2 orc warriors
  A black bear (D:9)
  A necrophage (D:6)
  A phantom (D:8)
  6 ogres
  A centaur (D:3)
  34 wolves
  13 crocodiles
  8 bullfrogs
  A big kobold (D:9)
  The ghost of grumblor the Sneak, an amateur SpEn (D:3)
  2 scorpions
  32 killer bees
  3 wights (D:7)
  A howler monkey (D:6)
  A centaur zombie (D:8)
  2 crimson imps
  A jelly (D:6)
  7 orc priests
  A hound (D:9)
  6 orc wizards
  Ijyb (D:4)
  A bullfrog skeleton (D:5)
  A centaur skeleton (D:9)
  Crazy Yiuf (D:4)
  An iguana (D:4)
  Jessica (D:3)
  Terence (D:2)
  5 hell rats (Lair:3)
  6 worker ants
  A hound skeleton (D:4)
  A howler monkey zombie (D:8)
  15 adders
  4 gnolls (D:5)
  A howler monkey skeleton (D:9)
  A shadow imp (D:9)
  An ooze (D:6)
  An adder skeleton (D:5)
  A worm (D:3)
  A dart slug (D:5)
  4 leopard geckos
  25 orcs
  2 giant cockroaches
  12 goblins
  8 hobgoblins
  4 jackals
  4 quokkas
  2 ball pythons
  7 bats
  6 frilled lizards
  A jackal skeleton (D:4)
  13 kobolds
  A leopard gecko skeleton (D:5)
  A quokka skeleton (D:4)
  7 rats
  A fungus (D:8)
  2 plants (Lair:1)
378 creatures vanquished.

Vanquished Creatures (others)
  3 fungi
3 creatures vanquished.

Grand Total: 381 creatures vanquished

Notes
Turn   | Place    | Note
-------+----------+-------------------------------------------
     0 | D:1      | Fang the Gargoyle Berserker began the quest for the Orb.
     0 | D:1      | Reached XP level 1. HP: 14/14 MP: 1/1
   225 | D:1      | Reached XP level 2. HP: 14/19 MP: 2/2
   226 | D:1      | Reached skill level 3 in Axes
   570 | D:2      | Noticed Terence
   591 | D:2      | Killed Terence
   591 | D:2      | Reached XP level 3. HP: 18/24 MP: 3/3
   779 | D:2      | Reached XP level 4. HP: 11/29 MP: 4/4
  1064 | D:2      | Reached ** piety under Trog
  1246 | D:2      | Reached skill level 4 in Axes
  1373 | D:2      | Found a glowing golden altar of the Shining One.
  1481 | D:2      | Found a sacrificial altar of Ru.
  1673 | D:2      | Found a deep blue altar of Sif Muna.
  1702 | D:2      | Found a radiant altar of Vehumet.
  1849 | D:3      | Found an opulent altar of Gozag.
  1974 | D:3      | Reached XP level 5. HP: 26/33 MP: 5/5
  2291 | D:3      | Noticed Jessica
  2305 | D:3      | Killed Jessica
  2427 | D:3      | Noticed Grinder
  2427 | D:3      | Noticed grumblor's ghost (amateur SpEn)
  2428 | D:3      | Noticed a centaur
  2428 | D:3      | Paralysed by Grinder for 4 turns
  2439 | D:3      | Killed a centaur
  2439 | D:3      | Reached skill level 1 in Stealth
  2439 | D:3      | Reached XP level 6. HP: 26/39 MP: 6/6
  2441 | D:3      | Killed grumblor's ghost
  2446 | D:3      | Killed Grinder
  2446 | D:3      | Reached skill level 5 in Axes
  2446 | D:3      | Reached XP level 7. HP: 19/44 MP: 7/7
  2964 | D:4      | Noticed Ijyb
  2988 | D:4      | Killed Ijyb
  3318 | D:4      | Reached *** piety under Trog
  3362 | D:4      | Reached skill level 5 in Fighting
  3477 | D:4      | Found a runed door.
  3508 | D:4      | Reached skill level 6 in Axes
  3903 | D:4      | Reached XP level 8. HP: 39/49 MP: 8/8
  4024 | D:4      | Noticed Crazy Yiuf
  4031 | D:4      | Killed Crazy Yiuf
  4160 | D:5      | Entered Level 5 of the Dungeon
  4349 | D:5      | Found Miuhag's Gadget Emporium.
  4449 | D:5      | Reached skill level 7 in Axes
  4643 | D:5      | Reached **** piety under Trog
  4711 | D:5      | Found Zoceedef's Armour Boutique.
  4758 | D:5      | Found Orawut's Antique Weapon Shoppe.
  4776 | D:5      | Found Xeckacs's Assorted Antiques.
  4924 | D:6      | Found Uroh Kem's Distillery.
  5056 | D:6      | Reached XP level 9. HP: 54/55 MP: 9/9
  5086 | D:6      | Reached skill level 8 in Axes
  5133 | D:6      | Found Biemno Iriji's Armour Boutique.
  5209 | D:6      | Found Ageluda Vahi's Armour Boutique.
  5431 | D:6      | Found a blossoming altar of Fedhas.
  5596 | D:7      | Got a dazzling leather armour
  5607 | D:7      | Identified the cursed +0 leather armour of Sunlight {-Cast rC+ rN+ Dex+4} (You found it on level 7 of the Dungeon)
  5832 | D:7      | Found a hazy altar of Hepliaklqana.
  5953 | D:7      | Reached skill level 5 in Armour
  6093 | D:7      | Found a staircase to the Ecumenical Temple.
  6692 | D:7      | You fall through a shaft!
  6740 | D:8      | Noticed a two-headed ogre
  6749 | D:8      | Killed a two-headed ogre
  6749 | D:8      | Reached skill level 9 in Axes
  6749 | D:8      | Reached XP level 10. HP: 51/63 MP: 10/10
  7168 | D:8      | Found a staircase to the Lair.
  7220 | D:8      | Found Saocvawnie's Book Shoppe.
  7665 | D:9      | Found a sparkling altar of Nemelex Xobeh.
  7718 | D:9      | Found a hide-covered altar of Uskayaw.
  7734 | D:9      | Reached ***** piety under Trog
  7734 | D:9      | Reached skill level 10 in Axes
  8084 | D:9      | Found an iron altar of Okawaru.
  8154 | D:9      | Reached skill level 5 in Dodging
  8297 | D:9      | Reached XP level 11. HP: 65/69 MP: 9/11
  8392 | D:9      | Found a shadowy altar of Dithmenos.
  8636 | D:9      | Noticed Menkaure
  8646 | D:9      | Killed Menkaure
  8812 | Lair:1   | Entered Level 1 of the Lair of Beasts
  8933 | Lair:1   | Reached skill level 11 in Axes
  8960 | Lair:1   | Received a gift from Trog
  8979 | Lair:1   | Got a steaming battleaxe {god gift}
  8988 | Lair:1   | Identified the +7 battleaxe "Dowed" {flame, rPois Int+4} (Trog gifted it to you on level 1 of the Lair of Beasts)
  9198 | Lair:1   | Noticed a six-headed hydra
  9206 | Lair:1   | Killed a two-headed hydra
  9439 | Lair:1   | Noticed a five-headed hydra
  9447 | Lair:1   | Killed a two-headed hydra
  9551 | Lair:1   | Reached skill level 12 in Axes
  9732 | Lair:2   | Reached XP level 12. HP: 77/77 MP: 12/12
  9878 | Lair:2   | Reached skill level 10 in Fighting
  9956 | Lair:2   | Reached skill level 5 in Stealth
  9961 | Lair:2   | Gained mutation: Your body sometimes deteriorates upon taking damage. [potion of mutation]
  9961 | Lair:2   | Gained mutation: You have sharp toenails. [potion of mutation]
 10481 | Lair:2   | Noticed a five-headed hydra
 10487 | Lair:2   | Killed a two-headed hydra
 10638 | Lair:2   | Received a gift from Trog
 10644 | Lair:2   | Lost mutation: You have sharp toenails. [potion of mutation]
 10644 | Lair:2   | Lost mutation: Your body sometimes deteriorates upon taking damage. [potion of mutation]
 10644 | Lair:2   | Gained mutation: You have an increased reservoir of magic. (+10% MP) [potion of mutation]
 10644 | Lair:2   | Lost mutation: You have an increased reservoir of magic. (+10% MP) [potion of mutation]
 10644 | Lair:2   | Gained mutation: You expend magic power (3 MP) to strengthen your wands. [potion of mutation]
 10644 | Lair:2   | Gained mutation: You have large cloven feet. [potion of mutation]
 10645 | Lair:2   | Lost mutation: You expend magic power (3 MP) to strengthen your wands. [potion of mutation]
 10645 | Lair:2   | Lost mutation: You have large cloven feet. [potion of mutation]
 10645 | Lair:2   | Gained mutation: Scrolls take you a little longer to read. [potion of mutation]
 10645 | Lair:2   | Gained mutation: You possess an exceptional clarity of mind. [potion of mutation]
 11014 | Lair:3   | Reached skill level 13 in Axes
 11083 | Lair:3   | Noticed a five-headed hydra
 11095 | Lair:3   | Killed a two-headed hydra
 11207 | Lair:3   | Noticed a spriggan rider
 11220 | Lair:3   | Killed a spriggan rider
 11538 | Lair:3   | Reached XP level 13. HP: 81/84 MP: 8/13
 11543 | Lair:3   | Reached skill level 14 in Axes
 11546 | Lair:3   | Found a hole to the Spider Nest.
 12089 | Lair:3   | Found a staircase to the Swamp.
 12766 | Lair:4   | Found a labyrinth entrance.
 12926 | Lair:4   | Received a gift from Trog
 12969 | Lab      | Entered a labyrinth
 14451 | Lab      | Noticed a minotaur
 14461 | Lab      | Killed a minotaur
 14500 | Lab      | Got an iridescent demon blade {venom}
 14501 | Lab      | Identified the cursed +1 demon blade "Vaetihaqu" {venom, +Blink} (You took it off a minotaur in a labyrinth)
 15114 | Lair:5   | Reached skill level 1 in Long Blades
 15461 | Lair:5   | HP: 1/84 [15-headed hydra (4)]
 15462 | Lair:5   | Mangled by a 15-headed hydra

Skill      XL: |  1  2  3  4  5  6  7  8  9 10 11 12 13 |
---------------+----------------------------------------+-----
Axes           | 3 4 5 6 7 9 10 12 13 14 | 14.6
Dodging        | 2 3 4 5 6 |  6.9
Fighting       | 4 5 7 8 9 10 11 | 11.3
Stealth        | 1 2 3 4 5 |  5.1
Armour         | 3 4 6 7 8 |  8.9
Long Blades    | 1 |  1.0

Action                   |  1- 3 |  4- 6 |  7- 9 | 10-12 | 13-15 || total
-------------------------+-------+-------+-------+-------+-------++-------
Melee: Hand axe          |    94 |   147 |   367 |   169 |       ||   777
       Battleaxe         |       |       |       |   260 |    75 ||   335
       Demon blade       |       |       |       |       |    76 ||    76
Invok: Berserk           |       |     1 |     6 |    11 |     4 ||    22
       Burn Spellbooks   |       |       |       |     2 |       ||     2
  Use: Scroll            |       |       |    16 |     8 |     4 ||    28
       Potion            |       |       |       |     4 |       ||     4
 Stab: Sleeping          |       |     1 |     1 |     5 |     1 ||     8
       Invisible         |       |       |     1 |       |       ||     1
  Eat: Chunk             |       |     5 |    15 |    21 |     8 ||    49
       Ration            |       |       |     2 |     1 |     2 ||     5
Armor: Animal skin       |    37 |    43 |    16 |       |       ||    96
       Ring mail         |       |       |   107 |   257 |   169 ||   533
       Skin              |       |       |       |    85 |       ||    85
Dodge: Dodged            |    78 |    93 |   224 |   361 |   198 ||   954
       Rpst.: Demon blade |       |       |       |       |    27 ||    27
